 Dungeon Crawl Stone Soup version 0.28-a0-728-g0181a31188 (webtiles) character file.

Game seed: 11909663627138259733

57 Aggronaut the Slasher (level 3, -5/29 HPs)
             Began as a Demonspawn Berserker on Oct 28, 2021.
             Was a Believer of Trog.
             Slain by Crazy Yiuf (8 damage)
             ... while petrified by Crazy Yiuf
             ... on level 3 of the Dungeon.
             The game lasted 00:04:09 (1976 turns).

Aggronaut the Slasher (Demonspawn Berserker)        Turns: 1976, Time: 00:04:11

Health: -5/29      AC:  6    Str: 18    XL:     3   Next: 73%
Magic:  0/3        EV:  2    Int:  8    God:    Trog [**....]
Gold:   76         SH:  0    Dex: 12    Spells: 2/2 levels left

rFire   . . .      SeeInvis .   a - +0 falchion
rCold   + . .      Faith    .   (no shield)
rNeg    + + +      Spirit   .   d - +0 ring mail
rPois   ∞          Reflect  .   (helmet restricted)
rElec   .          Harm     .   (no cloak)
rCorr   .          Rampage  .   m - +0 pair of gloves
Will    .....                   (no boots)
Stlth   +.........              (no amulet)
HPRegen 0.09/turn               b - ring of protection from cold
MPRegen 0.08/turn               (no ring)

@: petrified, on berserk cooldown, slowed
A: antennae 1, foul stench 1
a: Renounce Religion, Berserk, Trog's Hand


You were on level 3 of the Dungeon.
You worshipped Trog.
Trog was pleased with you.
You visited 1 branch of the dungeon, and saw 3 of its levels.

You collected 76 gold pieces.

Inventory:

Hand Weapons
 a - a +0 falchion (weapon)
Missiles
 k - 6 silver javelins (quivered)
Armour
 d - a +0 ring mail (worn)
 m - a +0 pair of gloves (worn)
Jewellery
 b - a ring of protection from cold (left hand)
Scrolls
 e - 4 scrolls of identify {unknown}
 f - a scroll of fear {unknown}
 g - a scroll of fog {unknown}
 h - a scroll of teleportation {unknown}
 i - a scroll of immolation {unknown}
 j - a scroll of enchant armour {unknown}
 l - a scroll of silence {unknown}
 n - a scroll of amnesia {unknown}
Potions
 c - a potion of degeneration {unknown}
 o - a potion of curing {unknown}
 p - a potion of flight {unknown}


   Skills:
 - Level 3.0 Fighting
 + Level 4.3 Long Blades
 - Level 1.7 Armour
 - Level 1.7 Dodging


You had 2 spell levels left.
You didn't know any spells.
Your spell library contained the following spells:

 Spells                   Type           Power      Damage    Failure   Level
 Gell's Gravitas          Tloc           0%         N/A       92%         3
 Lesser Beckoning         Tloc           0%         N/A       92%         3
 Teleport Other           Tloc           0%         N/A       92%         3
 Summon Forest            Summ/Tloc      0%         N/A       100%        5
 Summon Mana Viper        Hex/Summ       0%         N/A       100%        5
 Summon Cactus Giant      Summ           0%         N/A       100%        6


Dungeon Overview and Level Annotations

Branches:
Dungeon (3/15)

Altars:

Annotations:
D:3 Crazy Yiuf


Innate Abilities, Weirdness & Mutations

You have a pair of small antennae on your head.
You may rarely emit foul miasma when damaged in melee.


Message History

You now have 76 gold pieces (gained 7).
p - an amethyst potion
Found 4 boomerangs.
Found two maces.
Found a runed translucent door.
Crazy Yiuf shouts!
You see here a +0 mace.
You open the door.
A red film seems to cover your vision as you go berserk!
You feel yourself moving faster!
You feel mighty!
Crazy Yiuf yells, "Mountain action senile!"
Crazy Yiuf hits you with a +2 quarterstaff of chaos!
You are slowing down.
You slash Crazy Yiuf!
Crazy Yiuf is heavily wounded.
Crazy Yiuf hits you with a +2 quarterstaff of chaos.
Your limbs are stiffening.
You hit Crazy Yiuf.
Crazy Yiuf is heavily wounded.
Crazy Yiuf laughs, "Action foot ragdoll!"
Crazy Yiuf hits you with a +2 quarterstaff of chaos!
You feel your power leaking away.
You have turned to stone.
Crazy Yiuf says, "I'm not crazy!"
Crazy Yiuf hits you with a +2 quarterstaff of chaos!
Crazy Yiuf burns you. Crazy Yiuf barely misses you.
Crazy Yiuf hits you with a +2 quarterstaff of chaos!
Crazy Yiuf screams, "Line!
Shower hand blue."
Crazy Yiuf hits you but does no damage.
Crazy Yiuf cries, "Lay chair ena!"
Crazy Yiuf hits you with a +2 quarterstaff of chaos.
* * * LOW HITPOINT WARNING * * *
Crazy Yiuf freezes you.
You are no longer berserk.
You feel yourself slow down.
Crazy Yiuf says, "Ten bag ena!"
Crazy Yiuf hits you with a +2 quarterstaff of chaos!
* * * LOW HITPOINT WARNING * * *
Space warps horribly around you!
You die...

.##....#.# .###.#.#.#
.# #.#.#.# .###.#.###
.#......# ........#
##.#.#.###♣♣ ###
#.#.#.....♣♣ ♣♣#..)#
#.#........♣♣♣♣@g...#
#.#.........♣).♣#...#
#.#...#....♣.♣♣♣ ###
#.#...###♣♣♣♣♣
#......# ####..##
#..# ###..##
###.....#


You could see Crazy Yiuf.

Vanquished Creatures
  An adder (D:2)
  A worm (D:2)
  3 dart slugs
  2 ball pythons
  A bat (D:2)
  2 endoplasms (D:1)
  A giant cockroach (D:1)
  3 goblins (D:1)
  4 hobgoblins
  6 jackals
  2 quokkas
  2 frilled lizards (D:1)
  4 kobolds
  4 rats
36 creatures vanquished.

Notes
Turn   | Place    | Note
-------+----------+-------------------------------------------
     0 | D:1      | Aggronaut the Demonspawn Berserker began the quest for the
                  | Orb.
     0 | D:1      | Reached XP level 1. HP: 18/18 MP: 1/1
   270 | D:1      | Reached skill level 3 in Long Blades
   431 | D:1      | Gained mutation: You may rarely emit foul miasma when
                  | damaged in melee. [demonic ancestry]
   431 | D:1      | Reached XP level 2. HP: 24/24 MP: 2/2
  1181 | D:2      | Reached skill level 4 in Long Blades
  1181 | D:2      | Gained mutation: You have a pair of small antennae on your
                  | head. [demonic ancestry]
  1181 | D:2      | Reached XP level 3. HP: 25/29 MP: 3/3
  1369 | D:2      | Reached ** piety under Trog
  1410 | D:2      | Found a faded altar of an unknown god.
  1963 | D:3      | Found a runed translucent door.
  1964 | D:3      | Noticed Crazy Yiuf
  1976 | D:3      | Slain by Crazy Yiuf

Illustrated notes

Levels and vault maps discovered:
D:1:      psy_arrival_heroes, layout_basic, minivault_26, chequers_arboretum
D:2:      layout_basic, shapermc_ecumenical_altar_venn, hangedman_decor_push
D:3:      layout_loops_ring, uniq_crazy_yiuf_cottage, uniq_jessica

Skill      XL: |  1  2 |
---------------+-------+-----
Long Blades    | 3 4 |  4.3
Fighting       | |  3.0
Armour         | |  1.7
Dodging        | |  1.7

Action                   || total
-------------------------++-------
Melee: Falchion          ||   124
Invok: Berserk           ||     1
Armor: Ring mail         ||    41
Dodge: Dodged            ||    81

Table legend: (Time is in decaauts)
 A = Elapsed time spent in this place.
 B = Non-inter-level travel time spent in this place.
 C = Inter-level travel time spent in this place.
 D = Time resting spent in this place.
 E = Time spent auto-exploring this place.
 F = Levels seen in this place.
 G = Mean time per level.
                   A        B        C        D        E       F      G
               +--------+--------+--------+--------+--------+-----+--------+
         Total |   1989 |   1893 |     96 |    312 |   1235 |   3 |  663.0 |
       Dungeon |   1989 |   1893 |     96 |    312 |   1235 |   3 |  663.0 |
               +--------+--------+--------+--------+--------+-----+--------+

Top non-repeatable levels by time:
     D:1: 1179 daAuts
     D:2: 688 daAuts
     D:3: 120 daAuts
